 Dungeon Crawl Stone Soup version 0.16.2-12-gd0ad4c3 (webtiles) character file.

78 faibistes the Magician (level 4, 0/24 HPs)
             Began as a Deep Elf Wizard on Jan 26, 2019.
             Slain by faibistes' ghost (3 damage)
             ... on level 3 of the Dungeon.
             The game lasted 00:06:43 (2321 turns).

faibistes the Magician (Deep Elf Wizard)            Turns: 2321, Time: 00:06:44

Health: 0/24       AC:  2    Str:  9    XL:     4   Next: 15%
Magic:  4/17       EV: 13    Int: 24    God:
Gold:   107        SH:  0    Dex: 13    Spells: 6 memorised, 0 levels left

rFire  . . .     SeeInvis .     i - +2 dagger (holy)
rCold  . . .     Clarity  .     q - +0 robe (curse)
rNeg   . . .     SustAb   .     (no shield)
rPois  .         Gourm    .     b - +0 hat
rElec  .         Spirit   .     (no cloak)
rCorr  .         Warding  .     (no gloves)
rMut   .         Stasis   .     (no boots)
MR     +....                    (no amulet)
Stlth  ++........               (no ring)
                                g - ring of protection from magic

@: mighty, very slightly contaminated, repel missiles, somewhat resistant to
hostile enchantments, unstealthy
A: no striking features
a: no special abilities


You were on level 3 of the Dungeon.
You were not hungry.

You visited 1 branch of the dungeon, and saw 3 of its levels.

You collected 107 gold pieces.

Inventory:

Hand weapons
 i - a +2 dagger of holy wrath (weapon)
Armour
 a - a +0 robe
 b - a +0 hat (worn)
 q - a cursed +0 robe (worn)
Jewellery
 g - a ring of protection from magic (left hand)
Scrolls
 e - 3 scrolls of remove curse
Potions
 h - a potion of haste
Books
 c - a book of Minor Magic

   Spells                             Type                      Level
   a - Magic Dart                     Conjuration                  1
   b - Blink                          Translocation                2
   c - Call Imp                       Summoning                    2
   d - Repel Missiles                 Charms/Air                   2
   e - Slow                           Hexes                        2
   f - Conjure Flame                  Conjuration/Fire             3
   g - Mephitic Cloud                 Conjuration/Poison/Air       3
Comestibles
 d - 2 bread rations
 f - a beef jerky
 r - 2 chunks of flesh


   Skills:
 + Level 3.4 Dodging
 - Level 2.4 Stealth
 * Level 5.3 Spellcasting
 * Level 2.9 Conjurations
 - Level 1.1 Summonings
 - Level 1.1 Translocations


You couldn't memorise any spells.
You knew the following spells:

 Your Spells              Type           Power        Failure   Level  Hunger
a - Magic Dart            Conj           ###.         2%          1    None
b - Conjure Flame         Conj/Fire      ##......     17%         3    ##.....
c - Call Imp              Summ           ##......     12%         2    None
d - Blink                 Tloc           N/A          12%         2    None
e - Mephitic Cloud        Conj/Pois/Air  ##......     21%         3    ##.....
f - Repel Missiles        Chrm/Air       #.....       14%         2    None


Dungeon Overview and Level Annotations

Branches:
Dungeon (3/15)

Altars:
Qazlal

Annotations:
D:3 faibistes' ghost, average DEWz


Message History

The crimson imp disappears in a puff of smoke!
You barely miss faibistes' ghost.
Faibistes' ghost is heavily damaged.
Faibistes' ghost barely misses you.
You hit faibistes' ghost but do no damage.
Faibistes' ghost is heavily damaged.
Faibistes' ghost hits you.
* * * LOW HITPOINT WARNING * * *
You hit faibistes' ghost but do no damage.
Faibistes' ghost is heavily damaged.
Faibistes' ghost misses you.
You hit faibistes' ghost but do no damage.
Faibistes' ghost is heavily damaged.
Faibistes' ghost hits you.
* * * LOW HITPOINT WARNING * * *
Drink which item? (? for menu, Esc to quit)
It was a potion of might.
You feel very mighty all of a sudden. Faibistes' ghost hits you.
You die...

######.........# ...(
#......W.......# #..#
#.....###..#########...#
#....w ##..#####....5#
#.#.## #....5W†.....#
#.... ##.#..#######.#
#.. #.....# ### #.# .
...#...#######.#
#.......+.@_..'.# .#
#..>...###W###.# .#
......# #.# #.###.##
###...###'###.#....## #
................##
######.#.......(#
#####..........#
.K........).....#
...####........#


You could see faibistes' ghost.

Vanquished Creatures
  2 adders (D:2)
  A shadow imp (D:3)
  A giant mite (D:2)
  2 oozes
  2 giant cockroaches
  9 goblins
  7 hobgoblins
  A quokka (D:2)
  A ball python (D:2)
  8 bats
  A giant newt (D:2)
  4 jackals (D:1)
  5 kobolds (D:1)
  5 rats
49 creatures vanquished.

Vanquished Creatures (collateral kills)
  A hobgoblin (D:1)
1 creature vanquished.

Grand Total: 50 creatures vanquished

Notes
Turn   | Place    | Note
--------------------------------------------------------------
     0 | D:1      | faibistes, the Deep Elf Wizard, began the quest for the Orb.
     0 | D:1      | Reached XP level 1. HP: 10/10 MP: 6/6
   537 | D:1      | Reached XP level 2. HP: 15/15 MP: 8/10
   558 | D:1      | Learned a level 2 spell: Blink
   561 | D:1      | Learned a level 2 spell: Call Imp
  1119 | D:1      | Reached skill level 5 in Spellcasting
  1303 | D:1      | Reached XP level 3. HP: 19/19 MP: 10/14
  1310 | D:1      | Learned a level 3 spell: Conjure Flame
  1314 | D:1      | Learned a level 3 spell: Mephitic Cloud
  2049 | D:2      | Reached XP level 4. HP: 18/24 MP: 8/17
  2123 | D:2      | Learned a level 2 spell: Repel Missiles
  2269 | D:3      | Noticed faibistes' ghost (average DEWz)
  2281 | D:3      | Found a stormy altar of Qazlal.
  2321 | D:3      | Slain by faibistes' ghost

Action                   |  1- 3 |  4- 6 || total
-------------------------+-------+-------++-------
Melee: Unarmed           |    11 |       ||    11
       Dagger            |     2 |     8 ||    10
 Cast: Magic Dart        |    99 |    16 ||   115
       Call Imp          |     4 |       ||     4
       Blink             |     1 |       ||     1
       Conjure Flame     |       |     2 ||     2
       Repel Missiles    |       |     1 ||     1
  Use: Scroll            |     1 |     6 ||     7
       Potion            |       |     1 ||     1
 Stab: Sleeping          |     2 |       ||     2
  Eat: Chunk             |     3 |     1 ||     4
